 Dungeon Crawl Stone Soup version 0.25.0-1-g7eea58d2a3 (webtiles) character file.

Game seed: 11712975671974741447

32 HungrySpirit the Insei (level 3, 0/21 HPs)
             Began as a Kobold Transmuter on June 15, 2020.
             Slain by a hobgoblin
             ... wielding a +0 club
              (4 damage)
             ... on level 2 of the Dungeon.
             The game lasted 00:01:42 (1488 turns).

HungrySpirit the Insei (Kobold Transmuter)          Turns: 1488, Time: 00:01:43

Health: 0/21       AC:  2    Str:  8    XL:     3   Next: 42%
Magic:  5/6        EV: 15    Int: 14    God:
Gold:   31         SH:  0    Dex: 15    Spells: 6/7 levels left

rFire    . . .     SeeInvis .   g - +0 whip
rCold    . . .     Gourm    .   (shield restricted)
rNeg     . . .     Faith    .   b - +0 robe
rPois    .         Spirit   .   (no helmet)
rElec    .         Reflect  .   (no cloak)
rCorr    .         Harm     .   (no gloves)
MR       .....                  (no boots)
Stlth    +.........             (no amulet)
HPRegen  0.07/turn              (no ring)
MPRegen  0.10/turn              (no ring)

@: lethally poisoned (0 -> -9), appendage (expiring)
A: small, horns 2, carnivore
a: End Transformation


You were on level 2 of the Dungeon.
You were very full.
You had grown temporary horns.
You visited 1 branch of the dungeon, and saw 2 of its levels.

You collected 31 gold pieces.

Inventory:

Hand Weapons
 g - a +0 whip (weapon)
Missiles
 a - 25 arrows
Armour
 b - a +0 robe (worn)
Scrolls
 c - 3 scrolls of teleportation {unknown}
 f - 2 scrolls of enchant armour {unknown}
 h - 2 scrolls of remove curse {unknown}
 i - 2 scrolls of amnesia {unknown}
Potions
 e - a potion of magic {unknown}
 j - 4 potions of brilliance {unknown}
 k - a potion of cancellation {unknown}
 m - a potion of curing {unknown}
Comestibles
 d - 2 rations


   Skills:
 + Level 1.8 Fighting
 - Level 2.4 Dodging
 * Level 3.5 Unarmed Combat
 + Level 2.5 Spellcasting
 + Level 2.3 Transmutations


You had 6 spell levels left.
You knew the following spells:

 Your Spells              Type           Power        Failure   Level  Hunger
a - Beastly Appendage     Tmut           #.....       9%          1    #......

Your spell library contained the following spells:

 Spells                   Type           Power        Failure   Level  Hunger
 Sticks to Snakes         Tmut           #.......     13%         2    ###....
 Spider Form              Tmut/Pois      #.........   38%         3    ###....
 Ice Form                 Ice/Tmut       #.......     80%         4    #####..
 Blade Hands              Tmut           #.........   94%         5    ######.


Dungeon Overview and Level Annotations

Branches:
Dungeon (2/15)

Altars:


Innate Abilities, Weirdness & Mutations

You are small and have problems with some larger weapons.
You are carnivorous and can eat meat at any time.
You have a pair of horns on your head.


Message History

Confirm with . or Enter, or press ? or * to list all spells.
You grow a pair of large bovine horns.
The adder hisses angrily.
You hear a shout!
A hobgoblin comes into view. It is wielding a +0 club.
Your transformation is almost over.
The adder bites you. x2
You are poisoned.
The adder poisons you!
You miss the adder.
You feel sick. The adder barely misses you.
You hit the adder but do no damage.
You feel sick. The adder misses you. The adder bites you.
You are lethally poisoned!
The adder poisons you!
You closely miss the adder. Your headbutt misses the adder.
The adder closely misses you. The hobgoblin completely misses you.
You closely miss the adder.
You feel sick. The adder bites you.
* * * LOW HITPOINT WARNING * * *
A rat comes into view.
The hobgoblin hits you with a +0 club.
You die...

#.# .#
#r# .
#.# .#
###.##.#
#......#
#......#
#..[)..#
#gS....#
#.@....#
#......#
#......#
#......#
#......#
#......#
########


You could see an adder, a hobgoblin and a rat (wandering).

Vanquished Creatures
  2 dart slugs (D:1)
  2 bats (D:1)
  3 giant cockroaches
  6 goblins
  5 hobgoblins (D:1)
  2 frilled lizards (D:1)
  3 kobolds (D:1)
  A rat (D:1)
24 creatures vanquished.

Vanquished Creatures (others)
  A bat (D:1)
1 creature vanquished.

Grand Total: 25 creatures vanquished

Notes
Turn   | Place    | Note
-------+----------+-------------------------------------------
     0 | D:1      | HungrySpirit the Kobold Transmuter began the quest for the
                  | Orb.
     0 | D:1      | Reached XP level 1. HP: 12/12 MP: 3/3
   186 | D:1      | Reached XP level 2. HP: 13/16 MP: 3/5
  1104 | D:1      | Reached XP level 3. HP: 20/20 MP: 6/6
  1488 | D:2      | Slain by a hobgoblin

Illustrated notes

Levels and vault maps discovered:
D:1:      onia_arrival_pentagram, layout_basic, lemuel_old_faithful
D:2:      layout_rooms, uniq_robin

Action                   || total
-------------------------++-------
Melee: Whip              ||    84
       Unarmed           ||     8
       Headbutt          ||     6
       Kick              ||     7
 Cast: Beastly Appendage ||    13
 Stab: Sleeping          ||     3
  Eat: Chunk             ||    10
Armor: Robe              ||     7
Dodge: Dodged            ||    77
